 Dungeon Sprint DCSS version 0.26-a0-683-g5206c1d7ac (webtiles) character file.

Game seed: 15952536490592099681

11300000 jfcaron the Formicid Barricade (level 27, -74/249 HPs)
             Began as a Formicid Fighter on Oct 22, 2020.
             Was the Champion of Makhleb.
             Killed from afar by an observer (97 damage)
             ... with a fireball
             ... in the Dungeon (Sprint VIII: "Arena of Blood").
             The game lasted 00:07:51 (113 turns).

jfcaron the Formicid Barricade (Formicid Fighter)    Turns: 113, Time: 00:07:53

Health: -74/249    AC: 13    Str: 23    XL:     27
Magic:  47/54      EV: 32    Int: 10    God:    Makhleb [******]
Gold:   0          SH: 19    Dex: 19    Spells: 80/80 levels left

rFire    . . .     SeeInvis +   g - +โˆž Axe of Woe
rCold    . . .     Faith    .   b - +0 kite shield
rNeg     . . .     Spirit   .   a - +0 scale mail
rPois    .         Reflect  .   (helmet unavailable)
rElec    .         Harm     .   (no cloak)
rCorr    .         Rampage  .   (no gloves)
MR       ++...                  (no boots)
Stlth    ++++++++..             (no amulet)
HPRegen  0.51/turn              (no ring)
MPRegen  0.34/turn              (no ring)

@: lethally poisoned (-74 -> -96)
A: permanent stasis, dig shafts and tunnels, four strong arms, antennae 3
a: Dig, Minor Destruction, Lesser Servant of Makhleb, Major Destruction, Greater
Servant of Makhleb, Renounce Religion


You were in the Dungeon.
You worshipped Makhleb.
Makhleb was exalted by your worship.
You visited 1 branch

Inventory:

Hand Weapons
 g - the +โˆž Axe of Woe (weapon)
   (You found it in the Dungeon)
Armour
 a - a +0 scale mail (worn)
 b - a +0 kite shield (worn)
Jewellery
 h - an uncursed ring of see invisible
Potions
 c - a potion of might
 d - a potion of curing
 f - 2 potions of magic


   Skills:
 O Level 27 Fighting
 O Level 27 Axes
 O Level 27 Throwing
 O Level 27 Armour
 O Level 27 Dodging
 O Level 27 Stealth
 O Level 27 Shields
 O Level 27 Unarmed Combat
 O Level 27 Spellcasting
 O Level 27 Invocations


You had 80 spell levels left.
You didn't know any spells.
Your spell library was empty.

Dungeon Overview and Level Annotations

Branches:
Dungeon (1/1)

Altars:
Makhleb


Innate Abilities, Weirdness & Mutations

You cannot be hasted, slowed, berserked, paralysed or teleported.
You can dig through walls and to a lower floor.
Your four strong arms can wield two-handed weapons with a shield.
You have a pair of large antennae on your head. (SInv)


Message History

The corpses begin to drag themselves along the ground!
The dread calls on the powers of darkness!
The scourge convulses!
The observer convulses!
Your body is wracked with pain!
* * * LOW HITPOINT WARNING * * *
The bag of meat convulses!
The observer convulses!
The bag of meat convulses!
You hear a shout! x2 2 crawling corpses come into view.
You slice the bag of meat!!
You butcher the bag of meat messily.
You kill the bag of meat!
Makhleb accepts your kill.
You slash the crawling corpse!
You hew the crawling corpse savagely.
You destroy the crawling corpse!
The fleshlord appears out of thin air!
A fleshlord comes into view. It is wielding a +9 great mace.
* * * LOW HITPOINT WARNING * * *
You feel sick.
You hear a shout!
The observer gazes at you.
The fireball explodes!
The fireball engulfs you!!!!
You die...

####.))))).).####.
#...)).)...)#)....
#.))X..X.....#...{
#.X).........#....
#.x.xX..###...#...
#XXLXM###{.....#..
#WzS.#...{......z.
#).G..... ........
#@).p..... ...
#......... ...
#.V...... ..#
#....#G.. ...
#....##.. ..
#..oo. {. ..
#=....ยง ..
#...MV##


You could see 2 accurseds, a tyrant (fast), 2 destroyers, 2 observers, a
scourge, a fleshlord, a sculptor of flesh, 7 large abominations, a dread, 2 bags
of meat and 2 crawling corpses.

Vanquished Creatures
  4 hell beasts (D)
  4 great orbs of eyes (D)
  2 wraiths (D)
  13 vampire knights (D)
  32 ogres (D)
  7 two-headed ogres (D)
  A lich (D)
  A hydra (D)
  80 orcs (D)
  4 phantoms (D)
  3 skeletal warriors (D)
  3 large abominations (D)
  10 small abominations (D)
  10 crawling corpses (D)
174 creatures vanquished.

Notes
Turn   | Place    | Note
-------+----------+-------------------------------------------
     0 | D        | Found the +โˆž Axe of Woe
     0 | D        | jfcaron the Formicid Fighter began the quest for the Orb.
     0 | D        | Reached XP level 1. HP: 18/18 MP: 1/1
     1 | D        | Noticed a bag of meat
     3 | D        | Became a worshipper of Makhleb the Destroyer
     5 | D        | Noticed a meat berserker
     5 | D        | Noticed a bag of meat
     6 | D        | Noticed a bag of meat
     7 | D        | Noticed a meat berserker
     8 | D        | Killed a bag of meat
     8 | D        | Reached skill level 15 in Fighting
     8 | D        | Reached skill level 15 in Armour
     8 | D        | Reached XP level 2. HP: 45/45 MP: 2/2
     8 | D        | Reached XP level 3. HP: 51/51 MP: 3/3
     8 | D        | Reached XP level 4. HP: 58/58 MP: 4/4
     8 | D        | Reached XP level 5. HP: 64/64 MP: 5/5
     8 | D        | Reached XP level 6. HP: 71/71 MP: 6/6
     8 | D        | Reached XP level 7. HP: 77/77 MP: 7/7
     8 | D        | Reached XP level 8. HP: 85/85 MP: 8/8
     8 | D        | Reached XP level 9. HP: 91/91 MP: 9/9
     8 | D        | Reached XP level 10. HP: 98/98 MP: 10/10
     8 | D        | Reached XP level 11. HP: 104/104 MP: 11/11
     8 | D        | Reached XP level 12. HP: 111/111 MP: 12/12
     8 | D        | Killed a bag of meat
     8 | D        | Reached * piety under Makhleb
     8 | D        | Reached XP level 13. HP: 122/122 MP: 13/13
     8 | D        | Noticed a meat berserker
     8 | D        | Noticed a meat berserker
     9 | D        | Noticed a meat berserker
     9 | D        | Killed a meat berserker
     9 | D        | Reached XP level 14. HP: 78/136 MP: 14/14
     9 | D        | Reached XP level 15. HP: 82/143 MP: 15/15
     9 | D        | Killed a meat berserker
     9 | D        | Reached XP level 16. HP: 90/156 MP: 16/16
    10 | D        | Killed a meat berserker
    10 | D        | Reached ** piety under Makhleb
    11 | D        | Killed a meat berserker
    11 | D        | Reached skill level 27 in Shields
    11 | D        | Reached XP level 17. HP: 70/171 MP: 17/17
    11 | D        | Killed a meat berserker
    11 | D        | Reached skill level 27 in Fighting
    11 | D        | Reached skill level 27 in Armour
    11 | D        | Reached skill level 27 in Unarmed Combat
    11 | D        | Reached skill level 5 in Dodging
    11 | D        | Reached XP level 18. HP: 74/182 MP: 17/27
    11 | D        | Noticed a meat berserker
    12 | D        | Noticed a meat berserker
    12 | D        | Noticed a meat berserker
    13 | D        | Noticed a meat berserker
    13 | D        | Noticed a meat berserker
    14 | D        | Killed a meat berserker
    14 | D        | Reached *** piety under Makhleb
    14 | D        | Reached skill level 15 in Invocations
    14 | D        | Reached XP level 19. HP: 182/189 MP: 17/36
    14 | D        | Reached skill level 15 in Spellcasting
    14 | D        | Noticed a meat berserker
    14 | D        | Noticed a meat berserker
    15 | D        | Killed a meat berserker
    15 | D        | Killed a meat berserker
    15 | D        | Reached **** piety under Makhleb
    15 | D        | Reached XP level 20. HP: 197/197 MP: 18/45
    15 | D        | Noticed a meat berserker
    15 | D        | Noticed a large bag of meat
    16 | D        | Killed a meat berserker
    16 | D        | Reached skill level 27 in Invocations
    16 | D        | Reached XP level 21. HP: 98/204 MP: 18/50
    16 | D        | Reached ***** piety under Makhleb
    16 | D        | Reached skill level 27 in Spellcasting
    16 | D        | Reached skill level 27 in Dodging
    16 | D        | Reached skill level 15 in Stealth
    16 | D        | Reached XP level 22. HP: 212/212 MP: 18/53
    16 | D        | HP: 24/212 [meat berserker/+9 battleaxe (49)]
    16 | D        | Noticed a large bag of meat
    17 | D        | Noticed a large bag of meat
    17 | D        | Killed a meat berserker
    17 | D        | Killed a meat berserker
    17 | D        | Reached skill level 27 in Axes
    17 | D        | Reached XP level 23. HP: 169/219 MP: 19/54
    17 | D        | Reached ****** piety under Makhleb
    17 | D        | Reached skill level 27 in Stealth
    17 | D        | Reached skill level 27 in Throwing
    17 | D        | Reached XP level 24. HP: 227/227 MP: 19/54
    18 | D        | Noticed a destroyer
    18 | D        | Reached XP level 25. HP: 234/234 MP: 19/54
    19 | D        | Noticed a large bag of meat
    20 | D        | Killed a large bag of meat
    20 | D        | Killed a large bag of meat
    20 | D        | Reached XP level 26. HP: 242/242 MP: 20/54
    22 | D        | Killed a large bag of meat
    22 | D        | Reached XP level 27. HP: 249/249 MP: 21/54
    23 | D        | Killed a large bag of meat
    23 | D        | Killed a destroyer
    23 | D        | Noticed a large bag of meat
    23 | D        | Noticed a large bag of meat
    24 | D        | Noticed a large bag of meat
    26 | D        | Noticed a destroyer
    31 | D        | Noticed a destroyer
    35 | D        | Killed a destroyer
    36 | D        | Noticed a destroyer
    36 | D        | Noticed a destroyer
    37 | D        | Noticed a destroyer
    41 | D        | Killed a destroyer
    41 | D        | Noticed a destroyer
    43 | D        | Noticed a destroyer
    43 | D        | Noticed a destroyer
    43 | D        | Noticed a destroyer
    44 | D        | Killed a destroyer
    44 | D        | Killed a destroyer
    46 | D        | Killed a destroyer
    47 | D        | Killed a destroyer
    48 | D        | Killed a destroyer
    52 | D        | Noticed an accursed
    52 | D        | Killed a destroyer
    52 | D        | Noticed a meat beast
    56 | D        | Noticed a large bag of meat
    57 | D        | Noticed a tyrant
    59 | D        | Killed a meat beast
    59 | D        | Noticed a meat beast
    65 | D        | Killed a large bag of meat
    66 | D        | Killed a destroyer
    67 | D        | Killed a meat beast
    67 | D        | Noticed a dread
    68 | D        | Killed a large bag of meat
    69 | D        | Noticed a meat beast
    70 | D        | Killed a tyrant
    71 | D        | Killed a large bag of meat
    74 | D        | Killed a meat beast
    77 | D        | Noticed a meat beast
    78 | D        | HP: 37/249 [accursed/divine providence (14)]
    79 | D        | Noticed a destroyer
    81 | D        | Killed a meat beast
    84 | D        | Killed a dread
    87 | D        | Killed a destroyer
    87 | D        | Noticed a dread
    88 | D        | Noticed a destroyer
    88 | D        | Noticed a destroyer
    90 | D        | HP: 40/249 [bag of meat/+9 war axe (27)]
    95 | D        | HP: 23/249 [wretched soul/bolt of negative energy (116)]
    96 | D        | Killed a destroyer
    96 | D        | Killed a destroyer
    99 | D        | Noticed a dread
    99 | D        | Noticed a tyrant
   106 | D        | Killed a dread
   109 | D        | Noticed a destroyer
   110 | D        | Noticed a destroyer
   111 | D        | Noticed a destroyer
   111 | D        | Noticed an accursed
   111 | D        | HP: 34/249 [scourge/bolt of poison (55)]
   111 | D        | HP: 1/249 [observer/bolt of fire (33)]
   113 | D        | Killed from afar by an observer

Illustrated notes

Levels and vault maps discovered:
D:        meatsprint

Skill      XL: |  1  2  3  4  5  6  7  8  9 10 11 12 13 14 15 16 17 18 19 20 21 22 23 |
---------------+----------------------------------------------------------------------+-----
Fighting       | 15 18 20 22 26 27 | 27.0
Armour         | 15 18 20 22 26 27 | 27.0
Shields        | 17 19 22 24 27 | 27.0
Unarmed Combat | 14 16 19 21 24 27 | 27.0
Dodging        | 5 12 19 24 27 | 27.0
Spellcasting   | 6 13 21 25 27 | 27.0
Invocations    | 7 15 24 27 | 27.0
Axes           | 12 27 | 27.0
Throwing       | 12 18 27 | 27.0
Stealth        | 15 22 27 | 27.0

Action                   |  1- 3 |  4- 6 |  7- 9 | 10-12 | 13-15 | 16-18 | 19-21 | 22-24 | 25-27 || total
-------------------------+-------+-------+-------+-------+-------+-------+-------+-------+-------++-------
Melee: Executioner's axe |     1 |       |       |       |     1 |     3 |     2 |     2 |    51 ||    60
Invok: Major Destruction |       |       |       |       |       |       |       |       |     2 ||     2
  Use: Potion            |       |       |       |       |       |       |       |       |     1 ||     1
Armor: Scale mail        |       |       |       |       |       |       |       |       |     1 ||     1
Dodge: Dodged            |       |       |       |       |       |       |       |     2 |     9 ||    11
Block: Kite shield       |       |       |       |       |       |     1 |     2 |       |    11 ||    14

Table legend: (Time is in decaauts)
 A = Elapsed time spent in this place.
 B = Non-inter-level travel time spent in this place.
 C = Inter-level travel time spent in this place.
 D = Time resting spent in this place.
 E = Time spent auto-exploring this place.
 F = Levels seen in this place.
 G = Mean time per level.
                   A        B        C        D        E       F      G
               +--------+--------+--------+--------+--------+-----+--------+
         Total |    104 |    104 |      0 |      0 |      0 |   1 |  104.0 |
       Dungeon |    104 |    104 |      0 |      0 |      0 |   1 |  104.0 |
               +--------+--------+--------+--------+--------+-----+--------+

Top non-repeatable levels by time:
       D: 104 daAuts
